 Dungeon Crawl Stone Soup version 0.27.1 (webtiles) character file.

Game seed: 210625213297770470

35 RatsInWalls the Chopper (level 3, -8/33 HPs)
             Began as a Hill Orc Monk on Aug 21, 2021.
             Mangled by a hobgoblin (14 damage)
             ... on level 1 of the Dungeon.
             The game lasted 00:02:18 (1160 turns).

RatsInWalls the Chopper (Hill Orc Monk)             Turns: 1160, Time: 00:02:18

Health: -8/33      AC:  2    Str: 12 (14) XL:     3   Next: 33%
Magic:  3/3        EV: 12    Int:  9 (10) God:
Gold:   45         SH:  0    Dex: 10 (13) Spells: 2/2 levels left

rFire    . . .     SeeInvis .   a - +0 hand axe
rCold    . . .     Faith    .   (no shield)
rNeg     . . .     Spirit   .   b - +0 robe
rPois    .         Reflect  .   (no helmet)
rElec    .         Harm     .   (no cloak)
rCorr    .         Rampage  .   (no gloves)
Will     .....                  (no boots)
Stlth    ++........             (no amulet)
HPRegen  0.11/turn              (no ring)
MPRegen  0.08/turn              (no ring)

@: no status effects
A: no striking features
a: no special abilities


You were on level 1 of the Dungeon.
You visited 1 branch of the dungeon, and saw 1 of its levels.

You collected 45 gold pieces.

Inventory:

Hand Weapons
 a - a +0 hand axe (weapon)
Armour
 b - a +0 robe (worn)
Jewellery
 e - a +6 ring of intelligence


   Skills:
 + Level 4.0 Fighting
 + Level 4.6 Axes
 * Level 1.1 Armour
 + Level 2.7 Dodging
 - Level 1.5 Stealth


You had 2 spell levels left.
You didn't know any spells.
Your spell library was empty.

Dungeon Overview and Level Annotations

Branches:
Dungeon (1/15)

Altars:

Shops:
D:1 (


Message History

The hobgoblin is severely wounded.
The hobgoblin hits you with a +1 flail of protection!
* * * LOW HITPOINT WARNING * * *
Unknown command.
You see here a hobgoblin corpse.
As you read the scroll labelled PUD LETYRO, it crumbles to dust.
You feel strangely unstable.
It was a scroll of teleportation.
The hobgoblin closely misses you.
Your surroundings suddenly seem different.
There is an open door here.
You close the door.
You start resting.
HP restored.
There is a staircase leading out of the dungeon here.
You open the door.
There is an open door here.
The hobgoblin shouts!
You barely miss the hobgoblin. The hobgoblin completely misses you.
You barely miss the hobgoblin. The hobgoblin barely misses you.
You hit the hobgoblin but do no damage.
The hobgoblin hits you with a +1 flail of protection!
You hit the hobgoblin but do no damage.
The hobgoblin hits you with a +1 flail of protection!
You hit the hobgoblin but do no damage. The hobgoblin closely misses you.
You hit the hobgoblin but do no damage. The hobgoblin misses you.
You hit the hobgoblin but do no damage.
The hobgoblin hits you with a +1 flail of protection.
* * * LOW HITPOINT WARNING * * *
It was a potion of degeneration.
There was something very wrong with that liquid.
You feel weakened.
You feel dopey.
You feel clumsy. The hobgoblin closely misses you.
You hit the hobgoblin but do no damage. The hobgoblin closely misses you.
You hit the hobgoblin.
The hobgoblin is almost dead.
The hobgoblin closely misses you.
You completely miss the hobgoblin.
The hobgoblin is almost dead.
The hobgoblin hits you with a +1 flail of protection!
You die...

...#......[...#### #.##.######.
...#####.#....###### #...........
.....†.............# #.........#.
..####†#...........# #.........#.
........##.......#.###...###.....
#.####..##..####.#......##.##....
#.# #..##.## #.#.##...#...#..#.
#.# #..##g# #g#.)....'.<.+..#.
#.####..##.# #@#####..#...#..#.
........##J# #.# #..##.##...#
.######.##.# #.# #...###...## .#
#.##.# #.# #........... .# #....#
#.#####..........# .# #..#.#
#.....#........).# .## #..#.#
#####.#..####.#### #.#####..#.#
#.#.......# #..........#
#.#..######


You could see a hobgoblin.

Vanquished Creatures
  2 bats (D:1)
  2 endoplasms (D:1)
  A goblin (D:1)
  5 hobgoblins (D:1)
  8 jackals (D:1)
  2 ball pythons (D:1)
  4 kobolds (D:1)
  5 rats (D:1)
29 creatures vanquished.

Notes
Turn   | Place    | Note
-------+----------+-------------------------------------------
     0 | D:1      | RatsInWalls the Hill Orc Monk began the quest for the Orb.
     0 | D:1      | Reached XP level 1. HP: 19/19 MP: 1/1
    83 | D:1      | Reached XP level 2. HP: 20/27 MP: 2/2
   338 | D:1      | Reached skill level 1 in Armour
   430 | D:1      | Reached XP level 3. HP: 29/33 MP: 3/3
   706 | D:1      | Found Archo Zeng's Weapon Emporium.
   844 | D:1      | HP: 1/33 [hobgoblin (8)]
  1160 | D:1      | Mangled by a hobgoblin

Illustrated notes

Levels and vault maps discovered:
D:1:      dpeg_arrival_shelter, layout_loops_ring, serial_shops,
          nicolae_diamond_shop

Skill      XL: |  1  2  3 |
---------------+----------+-----
Armour         | 1 |  1.1
Fighting       | 4 |  4.0
Axes           | |  4.6
Dodging        | |  2.7
Stealth        | |  1.5

Action                   || total
-------------------------++-------
Melee: Hand axe          ||    94
  Use: Scroll            ||     1
       Potion            ||     1
 Stab: Sleeping          ||     1
Armor: Robe              ||    15
Dodge: Dodged            ||    75
